 Dungeon Crawl Stone Soup version 0.27-a0-29-g2d0a2396b0 (webtiles) character file.

Game seed: 17480434067628148930

2116 Dirian the Cleaver (level 9, 0/78 HPs)
             Began as a Minotaur Fighter on Jan 3, 2021.
             Was a Priest of Okawaru.
             Slain by a centaur
             ... wielding a +1 short sword of venom
              (2 damage)
             ... on level 7 of the Dungeon.
             The game lasted 00:07:33 (6394 turns).

Dirian the Cleaver (Minotaur Fighter)               Turns: 6394, Time: 00:07:34

Health: 0/78       AC: 13    Str: 23    XL:     9   Next: 8%
Magic:  8/8        EV: 10    Int:  5    God:    Okawaru [***...]
Gold:   503        SH: 11    Dex: 11    Spells: 8/8 levels left

rFire    + . .     SeeInvis .   a - +0 war axe
rCold    . . .     Faith    .   c - +1 kite shield
rNeg     . . .     Spirit   .   C - +0 chain mail (curse)
rPois    .         Reflect  .   (helmet restricted)
rElec    .         Harm     .   i - +0 cloak
rCorr    .         Rampage  .   (no gloves)
Will     .....                  y - +0 pair of boots (curse)
Stlth    ..........             (no amulet)
HPRegen  0.23/turn              p - ring of protection from fire
MPRegen  0.11/turn              u - +4 ring of evasion

@: lethally poisoned (0 -> -20)
A: retaliatory headbutt, horns 2
a: Renounce Religion, Heroism


You were on level 7 of the Dungeon.
You worshipped Okawaru.
Okawaru was most pleased with you.
You visited 1 branch of the dungeon, and saw 7 of its levels.

You collected 503 gold pieces.

Inventory:

Hand Weapons
 a - a +0 war axe (weapon)
 v - a +0 war axe
Armour
 b - a +2 plate armour of fire resistance
 c - a +1 kite shield (worn)
 i - a +0 cloak (worn)
 m - a +0 tower shield
 y - a cursed +0 pair of boots (worn)
 C - a cursed +0 chain mail (worn)
Jewellery
 p - a ring of protection from fire (left hand)
 u - a +4 ring of evasion (right hand)
Wands
 s - a wand of enslavement (6)
Scrolls
 f - 4 scrolls of magic mapping
 j - 3 scrolls of enchant armour
 l - 2 scrolls of fog
 t - 3 scrolls of teleportation
 x - 2 scrolls of remove curse
 z - a scroll of blinking
Potions
 d - a potion of might
 e - a potion of degeneration {unknown}
 g - a potion of lignification
 h - a potion of haste
 n - a potion of resistance
 o - 2 potions of flight
 q - 2 potions of curing
 w - 2 potions of heal wounds
 A - a potion of berserk rage {unknown}
 B - a potion of mutation


   Skills:
 + Level 6.6 Fighting
 + Level 10.8 Axes
 + Level 7.8 Armour
 - Level 5.0 Shields
 + Level 0.1 Invocations


You had 8 spell levels left.
You didn't know any spells.
Your spell library was empty.

Dungeon Overview and Level Annotations

Branches:
Dungeon (7/15)             Temple (0/1) D:4

Altars:
Nemelex Xobeh
Okawaru
Qazlal
Trog

Shops:
D:5 :


Innate Abilities, Weirdness & Mutations

You reflexively headbutt those who attack you in melee.
You have a pair of horns on your head.


Message History

You are poisoned.
You closely miss the centaur.
The centaur is almost dead.
You feel sick.
The centaur hits you with a +1 short sword of venom.
* * * LOW HITPOINT WARNING * * *
The centaur hits you but does no damage.
You are lethally poisoned!
You hit the centaur. Your headbutt misses the centaur.
The centaur is almost dead.
* * * LOW HITPOINT WARNING * * *
You feel sick.
The centaur hits you but does no damage.
You are more poisoned.
You hit the centaur but do no damage.
The centaur is almost dead.
* * * LOW HITPOINT WARNING * * *
You feel sick. You block the centaur's attack.
The centaur hits you with a +1 short sword of venom.
You die...

....## ......# #.
##.....# #.# .#
##.....## ..# .
......... #.# .##
......#.. ... o..
......#..! ###.#####Z#
.<....+....#.....#ccT
##....#....#..##@#)#
##....#......##?)c#
.#....#....#..##.##
.#....#....#.....#
.####+#....###.#####.
......................
#...........##.......#
#..........####......#
'..........# ......+


You could see a centaur.

Vanquished Creatures
  A two-headed ogre (D:7)
  A soldier ant (D:7)
  A sky beast (D:6)
  Purgy (D:4)
  An ice beast (D:5)
  3 ogres
  2 centaurs
  A bullfrog (D:6)
  A scorpion (D:5)
  A wight (D:7)
  A howler monkey (D:4)
  2 hounds
  Crazy Yiuf (D:2)
  2 orc priests
  A jelly (D:6)
  An orc wizard (D:4)
  2 worker ants
  2 hound skeletons (D:4)
  A howler monkey zombie (D:5)
  4 adders
  2 shadow imps
  A white imp (D:6)
  An ooze (D:1)
  3 adder zombies (D:5)
  An adder skeleton (D:4)
  3 worms
  A dart slug (D:2)
  5 leopard geckos
  15 orcs
  4 bats
  3 giant cockroaches
  4 goblins
  9 hobgoblins
  8 jackals
  2 quokkas
  A ball python (D:2)
  4 frilled lizards
  A giant cockroach zombie (D:5)
  12 kobolds
  15 rats
125 creatures vanquished.

Notes
Turn   | Place    | Note
-------+----------+-------------------------------------------
     0 | D:1      | Dirian the Minotaur Fighter began the quest for the Orb.
     0 | D:1      | Reached XP level 1. HP: 19/19 MP: 0/0
   211 | D:1      | Reached XP level 2. HP: 27/27 MP: 1/1
   791 | D:1      | Reached XP level 3. HP: 33/33 MP: 2/2
  1359 | D:2      | Reached skill level 3 in Axes
  1361 | D:2      | Reached XP level 4. HP: 31/40 MP: 3/3
  1593 | D:2      | Found an iron altar of Okawaru.
  1616 | D:2      | Became a worshipper of Warmaster Okawaru
  1996 | D:2      | Found a runed translucent door.
  1997 | D:2      | Noticed Crazy Yiuf
  2041 | D:2      | You fall into a shaft and drop 2 floors!
  2237 | D:2      | Killed Crazy Yiuf
  2238 | D:2      | Reached skill level 4 in Axes
  2489 | D:3      | Reached XP level 5. HP: 46/47 MP: 4/4
  2701 | D:3      | Noticed a moth of wrath
  2704 | D:3      | Found a bloodstained altar of Trog.
  2908 | D:3      | Found a stormy altar of Qazlal.
  3416 | D:4      | Reached skill level 5 in Shields
  3537 | D:4      | Reached skill level 5 in Axes
  3584 | D:4      | Reached XP level 6. HP: 53/53 MP: 5/5
  3603 | D:4      | Found a staircase to the Ecumenical Temple.
  3628 | D:4      | Noticed Purgy
  3637 | D:4      | Killed Purgy
  3637 | D:4      | Reached * piety under Okawaru
  3638 | D:4      | Reached skill level 6 in Axes
  3638 | D:4      | Reached skill level 5 in Armour
  3870 | D:4      | Found a sparkling altar of Nemelex Xobeh.
  4023 | D:5      | Entered Level 5 of the Dungeon
  4023 | D:5      | Noticed an ice beast
  4039 | D:5      | Killed an ice beast
  4191 | D:5      | Reached XP level 7. HP: 60/60 MP: 6/6
  4311 | D:5      | Reached skill level 5 in Fighting
  4311 | D:5      | Reached skill level 7 in Axes
  4417 | D:5      | Found Hiutukh's Book Boutique.
  5315 | D:6      | Reached skill level 8 in Axes
  5565 | D:6      | Reached ** piety under Okawaru
  5566 | D:6      | Reached XP level 8. HP: 53/69 MP: 7/7
  5898 | D:6      | Reached skill level 9 in Axes
  6361 | D:7      | Noticed a two-headed ogre
  6363 | D:7      | Noticed a troll
  6371 | D:7      | Killed a two-headed ogre
  6371 | D:7      | Reached *** piety under Okawaru
  6372 | D:7      | Reached skill level 10 in Axes
  6385 | D:7      | Reached XP level 9. HP: 15/78 MP: 6/8
  6394 | D:7      | HP: 2/78 [poisoned by a centaur]
  6394 | D:7      | Slain by a centaur

Illustrated notes

Levels and vault maps discovered:
D:1:      dpeg_arrival_simpleton_a, layout_basic
D:2:      layout_loops_corners, kennysheep_okawaru_gauntlet,
          uniq_crazy_yiuf_cottage
D:3:      minmay_skewed_foursquare, layout_loops_ring, tgw_trog,
          nicolae_qazlal_general_emergency
D:4:      layout_loops_ring, minmay_temple_entry_wispy,
          nemelex_lonely_heart_becter, uniq_purgy
D:5:      layout_layer_cave, serial_shops, shop_fountains
D:6:      layout_layer_cave, glass_columns_a, kennysheep_generic_room_7
D:7:      minmay_the_grid_square_5x5_3x3
          [minmay_the_grid_square_5x5_eight_small, minmay_the_grid_square_5x5_n,
          minmay_the_grid_square_5x5_inner_v, minmay_the_grid_square_5x5_spiral,
          minmay_the_grid_square_5x5_megaprize_crossed,
          minmay_the_grid_square_5x5_seven, minmay_the_grid_square_5x5_six,
          minmay_the_grid_square_5x5_trominoes, minmay_the_grid_square_5x5_c],
          layout_gridville, serial_shops, kennysheep_little_box

Skill      XL: |  1  2  3  4  5  6  7  8 |
---------------+-------------------------+-----
Shields        | 4 5 |  5.0
Armour         | 4 5 6 7 |  7.8
Fighting       | 4 5 6 |  6.6
Axes           | 3 4 5 6 8 10 | 10.8
Invocations    | |  0.1

Action                   |  1- 3 |  4- 6 |  7- 9 || total
-------------------------+-------+-------+-------++-------
Melee: War axe           |    81 |   164 |    94 ||   339
       Headbutt          |     8 |    24 |    19 ||    51
Invok: Heroism           |       |       |     1 ||     1
  Use: Scroll            |       |    11 |     7 ||    18
       Potion            |       |     1 |     1 ||     2
Armor: Scale mail        |    46 |    61 |     6 ||   113
       Chain mail        |       |       |    18 ||    18
Dodge: Dodged            |    23 |    52 |    36 ||   111
Block: Kite shield       |    41 |    90 |    39 ||   170

Table legend: (Time is in decaauts)
 A = Elapsed time spent in this place.
 B = Non-inter-level travel time spent in this place.
 C = Inter-level travel time spent in this place.
 D = Time resting spent in this place.
 E = Time spent auto-exploring this place.
 F = Levels seen in this place.
 G = Mean time per level.
                   A        B        C        D        E       F      G
               +--------+--------+--------+--------+--------+-----+--------+
         Total |   6496 |   6307 |    189 |      4 |   5352 |   7 |  928.0 |
       Dungeon |   6496 |   6307 |    189 |      4 |   5352 |   7 |  928.0 |
               +--------+--------+--------+--------+--------+-----+--------+

Top non-repeatable levels by time:
     D:6: 1254 daAuts
     D:1: 1221 daAuts
     D:2: 1218 daAuts
     D:3: 1015 daAuts
     D:5: 1003 daAuts
     D:4: 656 daAuts
     D:7: 127 daAuts
